 Dungeon Crawl Stone Soup version 0.17.0-28-g6e173f8 (webtiles) character file.

677 4thArraOfDagon the Chopper (level 7, 0/93 HPs)
             Began as a Minotaur Berserker on Nov 22, 2015.
             Was a Believer of Trog.
             Slain by a killer bee (4 damage)
             ... on level 9 of the Dungeon.
             The game lasted 00:04:07 (859 turns).

4thArraOfDagon the Chopper (Minotaur Berserker)      Turns: 859, Time: 00:04:07

Health: 0/93       AC:  7    Str: 27    XL:     7   Next: 33%
Magic:  6/6        EV:  7    Int:  6    God:    Trog [**....]
Gold:   242        SH:  0    Dex:  7    Spells: 0 memorised, 6 levels left

rFire  . . .     SeeInvis .     a - +0 hand axe
rCold  . . .     Clarity  .     n - +0 plate armour
rNeg   + . .     SustAt   .     (no shield)
rPois  +         Gourm    .     (helmet restricted)
rElec  .         Spirit   .     (no cloak)
rCorr  .         Warding  .     (no gloves)
rMut   .         Stasis   .     (no boots)
MR     .....                    m - amulet of rage
Stlth  ..........               b - ring of poison resistance
                                g - ring of positive energy

@: berserking, lethally poisoned (0 -> -2), very quick, not resistant to hostile
enchantments, extremely unstealthy
A: retaliatory headbutt, horns 2, clumsy 1, deformed body, sense surroundings 1
a: Berserk, Trog's Hand, Burn Spellbooks, Renounce Religion, Evoke Berserk Rage


You were on level 9 of the Dungeon.
You worshipped Trog.
Trog was pleased with you.
You were hungry.

You visited 1 branch of the dungeon, and saw 9 of its levels.

You collected 242 gold pieces.

Inventory:

Hand Weapons
 a - a +0 hand axe (weapon)
Missiles
 v - 2 throwing nets (quivered)
 x - 3 tomahawks of returning
Armour
 n - a +0 plate armour (worn)
Jewellery
 b - a ring of poison resistance (right hand)
 g - a ring of positive energy (left hand)
 m - an amulet of rage (around neck)
Wands
 l - a wand of enslavement (17)
 y - a wand of confusion (1)
Scrolls
 e - a scroll of noise {unknown}
 h - a scroll of identify {unknown}
 i - 2 scrolls of teleportation {unknown}
 p - 2 scrolls of remove curse {unknown}
 q - a scroll of immolation {unknown}
 s - a scroll of fog {unknown}
 t - a scroll of enchant weapon {unknown}
 u - a scroll of fear {unknown}
Potions
 d - a potion of haste {unknown}
 k - 3 potions of curing {unknown}
 o - a potion of magic
 r - a potion of resistance {unknown}
 z - a potion of agility {unknown}
Books
 j - a book of Cantrips

   Spells                             Type                      Level
   a - Corona                         Hexes                        1
   b - Animate Skeleton               Necromancy                   1
   c - Summon Small Mammal            Summoning                    1
   d - Apportation                    Translocation                1
   Trog disapproves of the use of such an item.
Comestibles
 c - 5 bread rations
 f - 2 meat rations
 w - 8 chunks of flesh


   Skills:
 + Level 5.9 Fighting
 * Level 7.7 Axes
 + Level 5.5 Armour
 - Level 2.1 Dodging
 + Level 0.0 Evocations


You had 6 spell levels left.
You didn't know any spells.

Dungeon Overview and Level Annotations

Branches:
Dungeon (9/15)
 Temple: D:4-7         Lair: D:8-11         Orc: D:9-12

Altars:

Annotations:
D:7 Pikel


Innate Abilities, Weirdness & Mutations

You reflexively headbutt those who attack you in melee.
You have a pair of horns on your head.
You are clumsy. (Dex -2)
Armour fits poorly on your strangely shaped body.
You passively map a small area around you.


Message History

A killer bee comes into view.
You barely miss the red ugly thing.
The killer bee buzzes angrily.
You headbutt the red ugly thing!
The red ugly thing is heavily wounded.
You hit the giant frog skeleton. You slash the killer bee!
The killer bee is severely wounded.
You barely miss the killer bee.
The killer bee is moderately wounded.
You hit the killer bee.
The killer bee is almost dead.
You feel sick.
You hear an angry buzzing noise.
The killer bee closely misses you. The killer bee stings you!
* * * LOW HITPOINT WARNING * * *
The killer bee stings you!
* * * LOW HITPOINT WARNING * * *
The giant frog skeleton hits you but does no damage.
The killer bee stings you.
You die...

.... #......#, ,
....##......#
............# , .
, #.Z.5.....+,, *
.. #.........# *
,,...######......#
* *
...........<.### ,
,
......yuZ........#
* ,
#.....y@.........#
,
#...y.y....#.....#
#.....##y........#
, #H....
#.........# *
.####*
..........#, , ,
,,...≈........, ,,
* ≈≈≈≈≈≈...# ,, *
, ≈,.≈.....


You could see a red ugly thing, a manticore, 5 killer bees, a crimson imp and a
giant frog skeleton.

Vanquished Creatures
  A wyvern (D:8)
  A water moccasin (D:5)
  A sky beast (D:5)
  An ice beast (D:5)
  A crimson imp (D:5)
  A hound (D:5)
  A gnoll shaman (D:7)
  A worker ant (D:4)
  7 gnolls
  A shadow imp (D:5)
  2 adders
  An ooze (D:1)
  3 adder skeletons
  4 orcs (D:8)
  A giant cockroach (D:5)
  A hobgoblin (D:1)
  3 quokkas
  2 bats (D:1)
  A giant cockroach zombie (D:5)
  A giant newt (D:5)
  2 goblins
  A rat (D:3)
38 creatures vanquished.

Notes
Turn   | Place    | Note
--------------------------------------------------------------
     0 | D:1      | 4thArraOfDagon the Minotaur Berserker began the quest for the Orb.
     0 | D:1      | Reached XP level 1. HP: 19/19 MP: 0/0
    80 | D:1      | Reached skill level 4 in Axes
    80 | D:1      | Reached XP level 2. HP: 12/27 MP: 1/1
   122 | D:4      | Reached XP level 3. HP: 25/33 MP: 2/2
   362 | D:5      | Entered Level 5 of the Dungeon
   362 | D:5      | Noticed an ice beast
   369 | D:5      | Killed an ice beast
   369 | D:5      | Reached skill level 5 in Axes
   369 | D:5      | Reached XP level 4. HP: 41/41 MP: 3/3
   369 | D:5      | Reached XP level 5. HP: 47/47 MP: 4/4
   376 | D:5      | Noticed a water moccasin
   390 | D:5      | Killed a water moccasin
   390 | D:5      | Reached skill level 5 in Fighting
   390 | D:5      | Reached skill level 6 in Axes
   435 | D:5      | Noticed a sky beast
   468 | D:5      | Reached XP level 6. HP: 56/56 MP: 5/5
   471 | D:5      | Killed a sky beast
   485 | D:5      | Gained mutation: Armour fits poorly on your strangely shaped body. [mutagenic meat]
   486 | D:5      | Gained mutation: You are clumsy. (Dex -2) [mutagenic meat]
   487 | D:5      | Gained mutation: You passively map a small area around you. [mutagenic meat]
   524 | D:6      | Reached ** piety under Trog
   524 | D:6      | Reached skill level 5 in Armour
   683 | D:6      | Reached skill level 7 in Axes
   752 | D:7      | Reached XP level 7. HP: 58/61 MP: 6/6
   776 | D:7      | Noticed Pikel
   795 | D:8      | Noticed a wyvern
   805 | D:8      | Killed a wyvern
   847 | D:9      | Noticed a red ugly thing
   858 | D:9      | Noticed a manticore
   859 | D:9      | HP: 4/93 [killer bee (7)]
   859 | D:9      | Slain by a killer bee

Action                   |  1- 3 |  4- 6 |  7- 9 || total
-------------------------+-------+-------+-------++-------
Melee: Hand axe          |    20 |    49 |    11 ||    80
Invok: Berserk           |     2 |     2 |     2 ||     6
Evoke: Wand              |       |       |     2 ||     2
  Use: Potion            |       |     1 |       ||     1
 Stab: Sleeping          |     1 |       |       ||     1
  Eat: Chunk             |       |     6 |     2 ||     8
